 Dungeon Crawl Stone Soup version 0.26-a0-651-gb41185065b (webtiles) character file.

Game seed: 5320792017069276083

569 kae the Insei (level 7, 0/57 HPs)
             Began as a Naga Transmuter on Oct 29, 2020.
             Slain by an ice beast (14 damage)
             ... on level 5 of the Dungeon.
             The game lasted 00:04:41 (6218 turns).

kae the Insei (Naga Transmuter)                     Turns: 6218, Time: 00:04:41

Health: 0/57       AC:  4    Str: 13    XL:     7   Next: 33%
Magic:  9/10       EV: 10    Int: 13    God:
Gold:   306        SH:  0    Dex: 13    Spells: 6/10 levels left

rFire    . . .     SeeInvis +     - Unarmed
rCold    . . .     Faith    .   (no shield)
rNeg     . . .     Spirit   .   a - +1 robe
rPois    +         Reflect  .   (no helmet)
rElec    .         Harm     .   (no cloak)
rCorr    .         Rampage  .   (no gloves)
MR       .....                  (no barding)
Stlth    +.........             (no amulet)
HPRegen  0.19/turn              (no ring)
MPRegen  0.12/turn              (no ring)

@: very slow
A: large, see invisible, deformed body, poison resistance, slowness 2, spit
poison 1, AC +2
a: Spit Poison


You were on level 5 of the Dungeon.
You visited 2 branches of the dungeon, and saw 6 of its levels.

You collected 306 gold pieces.

Inventory:

Armour
 a - a +1 robe (worn)
Jewellery
 k - an uncursed ring of flight {unknown}
Scrolls
 b - 2 scrolls of fear {unknown}
 f - 2 scrolls of remove curse
 g - a scroll of teleportation
 j - 2 scrolls of enchant armour
 l - 2 scrolls of immolation
Potions
 c - 5 potions of curing
 d - a potion of brilliance
 e - a potion of heal wounds
 h - a potion of haste {unknown}
 i - 3 potions of flight
 n - 2 potions of might
 o - a potion of lignification {unknown}
 r - 2 potions of berserk rage {unknown}


   Skills:
 - Level 1.0 Fighting
 - Level 1.5 Dodging
 + Level 6.1 Unarmed Combat
 - Level 2.0 Spellcasting
 + Level 5.6 Transmutations


You had 6 spell levels left.
You knew the following spells:

 Your Spells              Type           Power        Failure   Level
a - Beastly Appendage     Tmut           ###...       2%          1
b - Spider Form           Tmut/Pois      #.........   24%         3

Your spell library contained the following spells:

 Spells                   Type           Power        Failure   Level
 Wereblood                Tmut           ###.....     3%          2
 Animate Skeleton         Necr           #.....       26%         1
 Apportation              Tloc           #.....       26%         1
 Corona                   Hex            #......      26%         1
 Summon Small Mammal      Summ           #...         26%         1
 Blade Hands              Tmut           ###.......   56%         5
 Ice Form                 Ice/Tmut       #.......     61%         4


Dungeon Overview and Level Annotations

Branches:
Dungeon (5/15)             Temple (1/1) D:4

Altars:
Dithmenos
Gozag
Kikubaaqudgha
Makhleb
Nemelex Xobeh
Sif Muna
Uskayaw
Vehumet
Wu Jian
Xom
Zin
The Shining One

Shops:
D:4 [


Innate Abilities, Weirdness & Mutations

You cannot wear boots.
Your serpentine skin is tough. (AC +2)
You have supernaturally acute eyesight. (SInv)
Armour fits poorly on your strangely shaped body.
Your system is resistant to poisons. (rPois)
You cover ground very slowly.
You can spit poison.


Message History

The ice beast closely misses you.
You hit the ice beast but do no damage.
The ice beast is heavily wounded.
The ice beast hits you.
* * * LOW HITPOINT WARNING * * *
The ice beast freezes you.
* * * LOW HITPOINT WARNING * * *
Your transformation has ended.
Your +1 robe unmelds from your body.
You feel much better. The ice beast hits you. The ice beast freezes you!
* * * LOW HITPOINT WARNING * * *
You closely miss the ice beast.
The ice beast is severely wounded.
The ice beast barely misses you.
You hit the ice beast.
The ice beast is severely wounded.
The ice beast hits you.
* * * LOW HITPOINT WARNING * * *
The ice beast freezes you!
You die...

.. ... ##+####
...#####.....#######
.....+...........
...##...#.#....#
#........#....# #..#...#
#....# ..#Y@....# #....#
#.....#)..###....#####
#...>..........'....'....
#.#.#..........#....#####
# +...?......#....#
#..........#....#####
#....................
####.#.##...####.####
...#......##.....##


You could see an ice beast (very poisoned).

Vanquished Creatures
  A centaur (D:4)
  2 orc priests (D:4)
  6 orc wizards (D:4)
  Terence (D:3)
  2 worker ants
  4 gnolls
  4 adders
  An ooze (D:4)
  2 worms
  3 dart slugs
  20 orcs
  2 ball pythons
  4 giant cockroaches
  9 goblins
  5 hobgoblins
  9 jackals
  5 kobolds
  A quokka (D:2)
  5 bats
  3 frilled lizards
  5 rats
94 creatures vanquished.

Vanquished Creatures (others)
  An orc wizard (D:4)
  2 orcs (D:4)
3 creatures vanquished.

Grand Total: 97 creatures vanquished

Notes
Turn   | Place    | Note
-------+----------+-------------------------------------------
     0 | D:1      | kae the Naga Transmuter began the quest for the Orb.
     0 | D:1      | Reached XP level 1. HP: 18/18 MP: 3/3
   480 | D:1      | Reached XP level 2. HP: 25/25 MP: 3/5
  1461 | D:1      | Reached XP level 3. HP: 27/31 MP: 4/6
  1975 | D:2      | Found a burning altar of Makhleb.
  2249 | D:2      | Reached skill level 4 in Unarmed Combat
  2249 | D:2      | Reached XP level 4. HP: 32/38 MP: 5/7
  2303 | D:2      | Found a radiant altar of Vehumet.
  3003 | D:3      | Learned a level 3 spell: Spider Form
  3075 | D:3      | Noticed Terence
  3084 | D:3      | Killed Terence
  3399 | D:3      | Reached XP level 5. HP: 34/44 MP: 4/8
  4182 | D:4      | Reached skill level 5 in Unarmed Combat
  4182 | D:4      | Reached XP level 6. HP: 29/51 MP: 0/9
  4538 | D:4      | Found Jeazil's Antique Armour Shop.
  4674 | D:4      | Found a staircase to the Ecumenical Temple.
  4877 | D:4      | Reached skill level 5 in Transmutations
  5069 | D:4      | Reached XP level 7. HP: 57/57 MP: 7/10
  5205 | Temple   | Entered the Ecumenical Temple
  5469 | D:5      | Entered Level 5 of the Dungeon
  5761 | D:4      | Reached skill level 6 in Unarmed Combat
  6122 | D:5      | Found an ornate altar of the Wu Jian Council.
  6218 | D:5      | Slain by an ice beast

Illustrated notes

Levels and vault maps discovered:
D:1:      nicolae_arrival_memento_mori, layout_loops_ring
D:2:      layout_basic, vehumet_crystals, old_standard_altar
D:3:      layout_basic, uniq_terence
D:4:      layout_loops_ring, lemuel_temple_firewalk_a, serial_shops,
          kennysheep_mini
D:5:      layout_basic, nicolae_overflow_hidden_temple, old_standard_altar,
          basic_altar
Temple:   jpeg_temple_island

Skill      XL: |  1  2  3  4  5  6  7 |
---------------+----------------------+-----
Transmutations | 3 4 5 |  5.6
Unarmed Combat | 4 5 6 |  6.1
Fighting       | |  1.0
Dodging        | |  1.5
Spellcasting   | |  2.0

Action                   |  1- 3 |  4- 6 |  7- 9 || total
-------------------------+-------+-------+-------++-------
Melee: Unarmed           |    91 |   166 |    48 ||   305
       Headbutt          |     9 |     8 |       ||    17
       Punch             |     2 |       |       ||     2
 Cast: Beastly Appendage |    28 |    16 |       ||    44
       Spider Form       |       |    14 |     9 ||    23
 Abil: Spit Poison       |    14 |     7 |     1 ||    22
  Use: Scroll            |       |    15 |       ||    15
       Potion            |       |     1 |     1 ||     2
Armor: Robe              |    21 |    24 |     5 ||    50
       Skin              |       |     6 |     2 ||     8
Dodge: Dodged            |    45 |   125 |    38 ||   208

Table legend: (Time is in decaauts)
 A = Elapsed time spent in this place.
 B = Non-inter-level travel time spent in this place.
 C = Inter-level travel time spent in this place.
 D = Time resting spent in this place.
 E = Time spent auto-exploring this place.
 F = Levels seen in this place.
 G = Mean time per level.
                   A        B        C        D        E       F      G
               +--------+--------+--------+--------+--------+-----+--------+
         Total |   7193 |   6985 |    208 |    357 |   5789 |   6 | 1198.8 |
       Dungeon |   6845 |   6653 |    192 |    357 |   5458 |   5 | 1369.0 |
        Temple |    347 |    332 |     15 |      0 |    330 |   1 |  347.0 |
               +--------+--------+--------+--------+--------+-----+--------+

Top non-repeatable levels by time:
     D:4: 2374 daAuts
     D:1: 1802 daAuts
     D:2: 1399 daAuts
     D:3: 867 daAuts
     D:5: 401 daAuts
  Temple: 347 daAuts
